 Dungeon Crawl Stone Soup version 0.26.1-2-gb8aa6d0cf2 (webtiles) character file.

Game seed: 11712340653511685913

107 Riddle the Skirmisher (level 4, -1/37 HPs)
             Began as a Demonspawn Fighter on Mar 21, 2021.
             Slain by Grinder (2 damage)
             ... on level 3 of the Dungeon.
             The game lasted 00:01:24 (2030 turns).

Riddle the Skirmisher (Demonspawn Fighter)          Turns: 2030, Time: 00:01:25

Health: -1/37      AC:  9    Str: 18    XL:     4   Next: 57%
Magic:  4/4        EV: 11    Int:  9    God:
Gold:   119        SH:  9    Dex: 12    Spells: 3/3 levels left

rFire    . . .     SeeInvis .   a - +0 long sword
rCold    . . .     Faith    .   c - +0 kite shield
rNeg     . . .     Spirit   .   b - +0 scale mail
rPois    .         Reflect  .   (no helmet)
rElec    .         Harm     .   w - +0 cloak
rCorr    .         Rampage  .   (no gloves)
Will     .....                  q - +0 pair of boots
Stlth    ..........             (no amulet)
HPRegen  0.12/turn              u - +4 ring of evasion
MPRegen  0.09/turn              (no ring)

@: no status effects
A: powered by death 2
a: no special abilities


You were on level 3 of the Dungeon.
You visited 1 branch of the dungeon, and saw 3 of its levels.

You collected 119 gold pieces.

Inventory:

Hand Weapons
 a - a +0 long sword (weapon)
Armour
 b - a +0 scale mail (worn)
 c - a +0 kite shield (worn)
 q - a +0 pair of boots (worn)
 w - a +0 cloak (worn)
Jewellery
 u - a +4 ring of evasion (left hand)
Wands
 s - a wand of random effects (6)
Scrolls
 g - 3 scrolls of identify {unknown}
 i - a scroll of teleportation {unknown}
 l - a scroll of remove curse {unknown}
 m - 2 scrolls of fog {unknown}
 n - a scroll of enchant weapon {unknown}
 p - 3 scrolls of blinking {unknown}
 r - a scroll of immolation {unknown}
 x - a scroll of amnesia {unknown}
Potions
 d - a potion of might
 e - 3 potions of resistance {unknown}
 f - 2 potions of curing {unknown}
 h - a potion of berserk rage {unknown}
 j - 2 potions of attraction {unknown}
 k - a potion of ambrosia {unknown}
 o - 2 potions of haste {unknown}
 t - 2 potions of degeneration {unknown}
 v - a potion of cancellation {unknown}


   Skills:
 * Level 3.7 Fighting
 * Level 2.6 Long Blades
 + Level 3.0 Armour
 + Level 1.0 Dodging
 * Level 3.4 Shields


You had 3 spell levels left.
You didn't know any spells.
Your spell library was empty.

Dungeon Overview and Level Annotations

Branches:
Dungeon (3/15)

Altars:
Hepliaklqana
Yredelemnul

Annotations:
D:3 Grinder


Innate Abilities, Weirdness & Mutations

You regenerate health from kills.


Message History

Grinder gestures at you.
You suddenly lose the ability to move!
Grinder gestures at you. Pain shoots through your body!
* * * LOW HITPOINT WARNING * * *
You can move again.
Unknown command.
Unknown command.
Unknown command.
Unknown command.
Unknown command.
You barely miss Grinder.
Grinder is lightly wounded.
Grinder hits you but does no damage.
You slash Grinder!
Grinder is moderately wounded.
Grinder hits you.
* * * LOW HITPOINT WARNING * * *
You writhe in agony.
You die...

.... ### .#. .. .. ... #
#.# #.## # # .#.#......
.##. .# ......##.# ... .#
#.......#..# .#
##.##..5.#..##.#
.#.##......@.......#
####.#.##>.##.##........
##....#..................
......#..#..##.########.#
##..........##.#
###.##..##†##.#######
###.....##.##........
#....................
###.##.###.##########


You could see Grinder.

Vanquished Creatures
  Crazy Yiuf (D:2)
  2 adders
  2 orcs
  13 giant cockroaches
  4 goblins
  2 hobgoblins
  11 jackals
  8 kobolds
  A ball python (D:3)
  2 bats
  3 frilled lizards
  2 rats
51 creatures vanquished.

Notes
Turn   | Place    | Note
-------+----------+-------------------------------------------
     0 | D:1      | Riddle the Demonspawn Fighter began the quest for the Orb.
     0 | D:1      | Reached XP level 1. HP: 18/18 MP: 1/1
   517 | D:1      | Gained mutation: You regenerate a little health from kills.
                  | [demonic ancestry]
   517 | D:1      | Reached XP level 2. HP: 24/24 MP: 2/2
   665 | D:2      | Found a basalt altar of Yredelemnul.
  1165 | D:2      | Reached XP level 3. HP: 29/29 MP: 3/3
  1346 | D:2      | Found a hazy altar of Hepliaklqana.
  1379 | D:2      | Found a runed translucent door.
  1380 | D:2      | Noticed Crazy Yiuf
  1717 | D:2      | Killed Crazy Yiuf
  1718 | D:2      | Reached skill level 1 in Dodging
  1718 | D:2      | Gained mutation: You regenerate health from kills. [demonic
                  | ancestry]
  1718 | D:2      | Reached XP level 4. HP: 28/35 MP: 4/4
  2012 | D:3      | Noticed Grinder
  2017 | D:3      | Paralysed by Grinder for 4 turns
  2027 | D:3      | Paralysed by Grinder for 2 turns
  2030 | D:3      | HP: 1/37 [Grinder (6)]
  2030 | D:3      | Slain by Grinder

Illustrated notes

Levels and vault maps discovered:
D:1:      minmay_arrival_semitransparent, layout_loops_ring,
          serial_bayou_lagoon_b
D:2:      minmay_roachtagon, layout_loops_ring, nicolae_overflow_crystal_walls,
          nzn_hepliaklqana_mist_gate, uniq_crazy_yiuf_cottage
D:3:      layout_basic, fedhas_altar_2, solitary_fountain, uniq_ijyb,
          uniq_grinder

Skill      XL: |  1  2  3  4 |
---------------+-------------+-----
Long Blades    | 2 |  2.6
Shields        | 3 |  3.4
Dodging        | 1 |  1.0
Armour         | 3 |  3.0
Fighting       | |  3.7

Action                   |  1- 3 |  4- 6 || total
-------------------------+-------+-------++-------
Melee: Long sword        |   119 |    36 ||   155
Armor: Scale mail        |    67 |    20 ||    87
Dodge: Dodged            |    58 |    20 ||    78
Block: Kite shield       |    98 |    23 ||   121
       Rpst.: Long sword |    16 |    10 ||    26
